 Dungeon Crawl Stone Soup version 0.32-a0-120-gfac0567ad4 (webtiles) character file.

Game seed: 16050772587831362762

165 Ceno the Sneak (level 5, -4/24 HPs)
             Began as a Vine Stalker Earth Elementalist on Feb 7, 2024.
             Succumbed to a kobold brigand's curare-tipped dart
             ... in a sewer.
             The game lasted 00:06:27 (2294 turns).

Ceno the Sneak (Vine Stalker Earth Elementalist)    Turns: 2294, Time: 00:06:27

Health: -4/24      AC:  4    Str: 11    XL:     5   Next: 46%
Magic:  8/11       EV: 12    Int: 15    God:
Gold:   151        SH:  0    Dex: 16    Spells: 3/10 levels left

rFire   . . .        e - +0 dagger
rCold   . . .        (no shield)
rNeg    . . .        a - +0 robe
rPois   .            q - +2 hat
rElec   .            (no cloak)
rCorr   .            (no gloves)
SInv    .            (no boots)
Will    .....        (no amulet)
Stlth   +            d - ring of flight
HPRegen 1.04/turn    (no ring)
MPRegen 0.12/turn

%: guardian spirit
@: confused, lethally poisoned (-4 -> -23), ambrosia-drunk, flying, slowed, very
slow
A: fangs 2, regeneration 1, magic shield, antimagic bite, no potion heal 2
a: no special abilities


You were in a sewer.
You visited 1 branch of the dungeon, and saw 3 of its levels.
You also visited: Sewer.

You collected 151 gold pieces.

Inventory:

Hand Weapons
 e - a +0 dagger (weapon)
Missiles
 k - 25 stones (quivered)
 l - 6 poisoned darts
Armour
 a - a +0 robe (worn)
 h - a +0 helmet
 q - a +2 hat (worn)
Jewellery
 d - a ring of flight (left hand)
 g - a ring of wizardry
Scrolls
 f - 3 scrolls of identify {unknown}
 o - a scroll of fog {unknown}
 p - a scroll of teleportation {unknown}
 r - a scroll of acquirement {unknown}
Potions
 b - 2 potions of magic
 c - a potion of degeneration {unknown}
 i - a potion of experience {unknown}
 j - a potion of ambrosia
 m - a potion of enlightenment {unknown}
 n - a potion of lignification {unknown}
 s - a potion of cancellation {unknown}


   Skills:
 + Level 2.0 Short Blades
 - Level 1.5 Dodging
 + Level 4.1 Stealth
 + Level 3.3 Spellcasting
 - Level 1.0 Conjurations
 + Level 3.9 Earth Magic


You had 3 spell levels left.
You knew the following spells:

 Your Spells              Type           Power      Damage    Failure   Level
a - Sandblast             Erth           28%        2d8       3%          1
b - Passwall              Erth           14%        N/A       12%         3
c - Stone Arrow           Conj/Erth      20%        3d8       21%         3

Your spell library contained the following spells:

 Spells                   Type           Power      Damage    Failure   Level
 Sting                    Conj/Alch      16%        1d4       16%         1
 Mercury Vapours          Alch/Air       4%         N/A       28%         2
 Brom's Barrelling Bould  Conj/Erth      10%        2d3       56%         4
 Petrify                  Alch/Erth      8%         N/A       65%         4
 Animate Dead             Necr           2%         N/A       88%         4
 Olgreb's Toxic Radiance  Alch           2%         N/A       88%         4
 Haunt                    Necr/Summ      1%         N/A       100%        7
 Infestation              Necr           1%         N/A       100%        8


Dungeon Overview and Level Annotations

Branches:
Dungeon (3/15)              Sewer (1/1)

Altars:


Innate Abilities, Weirdness & Mutations

You have extremely sharp teeth.
Your natural rate of healing is unusually fast.
When hurt, damage is shared between your health and your magic reserves.
Your bite disrupts and absorbs the magic of your enemies.
Potions cannot restore your health.


Message History

Your Short Blades skill increases to level 2!
You hit the rat.
You kill the rat!
You start resting.
Magic restored.
There is an empty arch of ancient stone, spattered with blood here.
Things that are here:
a rat corpse; a river rat corpse You see here a rat corpse.
Found a gate leading back out of this place.
A kobold brigand comes into view.
It is wielding a +0 whip and quivering curare-tipped darts.
Casting: Sandblast (safe; 3% risk of failure)
Confirm with . or Enter, or press ? or * to list all spells.
You aren't next to any passable walls.
A kobold brigand comes into view.
It is wielding a +0 short sword and quivering poisoned darts. 2 kobolds come into view.
The kobold shouts! x2
The kobold throws a stone.
The stone hits you.
The kobold throws a stone.
The stone hits you.
The kobold brigand throws a curare-tipped dart.
The curare-tipped dart hits you.
You are poisoned.
You have difficulty breathing.
You feel yourself slow down.
You feel very sick.
The kobold brigand throws a curare-tipped dart.
The curare-tipped dart hits you.
You are more poisoned.
You have difficulty breathing.
You feel as though you will be slow longer.
The kobold throws a stone.
The stone hits you but does no damage.
The kobold brigand throws a curare-tipped dart.
The curare-tipped dart hits you.
You are lethally poisoned!
You have difficulty breathing.
* * * LOW HITPOINT WARNING * * *
You feel as though you will be slow longer.
It was a potion of ambrosia.
You are confused.
Your system rejects the healing.
You feel invigorated.
You die...

# ## ############ ∩#
#.###.##..~~~..~~.###.##
#.....#..~~~~.~~~......
##....#.~≈≈≈~~~~~~~~~~~
#....KKK~≈≈≈≈≈≈≈≈≈≈≈≈≈≈
#...K.#K~≈≈≈~~~~~~~≈~~~
#..~..#..~~~~..~~~.....
#.~≈~.#..~.~~@.~.#
##.~..#########~## ##..#
#~# ### #~# #~# #~# #~#
#~# #~#


You could see 2 kobold brigands and a kobold.

Vanquished Creatures
  4 gnolls
  5 river rats
  3 adders
  4 ribbon worms (D:2)
  3 ball pythons
  A bat (D:2)
  7 endoplasms
  5 hobgoblins
  3 kobolds
  4 quokkas
  4 goblins
  5 rats
48 creatures vanquished.

Notes
Turn   | Place    | Note
-------+----------+-------------------------------------------
     0 | D:1      | Ceno the Vine Stalker Earth Elementalist began the quest
                  | for the Orb.
     0 | D:1      | Reached XP level 1. HP: 9/9 MP: 4/4
   180 | D:1      | Reached XP level 2. HP: 13/13 MP: 1/6
   503 | D:1      | Reached skill level 1 in Short Blades
   503 | D:1      | Reached skill level 3 in Stealth
   503 | D:1      | Reached XP level 3. HP: 16/16 MP: 3/7
   507 | D:1      | Learned a level 3 spell: Passwall
   511 | D:1      | Learned a level 3 spell: Stone Arrow
  1040 | D:2      | Identified the +3 whip "Worm's Wrath" {vamp, Int+6 Stlth+}
  1388 | D:2      | Reached XP level 4. HP: 21/21 MP: 5/9
  2079 | D:3      | Reached XP level 5. HP: 14/24 MP: 1/10
  2088 | D:3      | Found a glowing drain.
  2103 | D:3      | Reached skill level 4 in Stealth
  2135 | Sewer    | Entered a sewer
  2279 | Sewer    | Noticed a kobold brigand
  2285 | Sewer    | Noticed a kobold brigand
  2294 | Sewer    | Succumbed to a kobold brigand's curare-tipped dart

Illustrated notes

Levels and vault maps discovered:
D:1:      amcnicky_arrival_blooded_trapdoor, layout_rooms, minmay_misc_feat_iff,
          minmay_pentomino_v2
D:2:      minmay_chambers_of_ones, layout_basic
D:3:      layout_loops_ring, nicolae_sif_muna_little_library,
          gup_sewer_entry_bubbles, dilly_ecumenical_altar_fadedgnrine,
          kennysheep_generic_room_12
Sewer:    sewer_kobolds

Skill      XL: |  1  2  3  4  5 |
---------------+----------------+-----
Short Blades   | 1 2 |  2.0
Stealth        | 3 4 |  4.1
Spellcasting   | 3 |  3.3
Dodging        | |  1.5
Conjurations   | |  1.0
Earth Magic    | |  3.9

Action                     |  1- 3 |  4- 6 || total
---------------------------+-------+-------++-------
  Melee: Dagger            |    15 |    50 ||    65
         Bite              |     4 |    13 ||    17
         Punch             |     1 |     1 ||     2
   Cast: Sandblast         |    28 |    23 ||    51
         Passwall          |     5 |     1 ||     6
    Use: Potion            |       |     1 ||     1
   Stab: Sleeping          |     8 |     5 ||    13
 Armour: Robe              |     7 |    35 ||    42
  Dodge: Dodged            |     6 |    34 ||    40

Table legend: (Time is in decaauts)
 A = Elapsed time spent in this place.
 B = Non-inter-level travel time spent in this place.
 C = Inter-level travel time spent in this place.
 D = Time resting spent in this place.
 E = Time spent auto-exploring this place.
 F = Levels seen in this place.
 G = Mean time per level.
                   A        B        C        D        E       F      G
               +--------+--------+--------+--------+--------+-----+--------+
         Total |   2313 |   2248 |     65 |    164 |   1409 |   4 |  578.2 |
       Dungeon |   2154 |   2089 |     65 |     76 |   1409 |   3 |  718.0 |
         Sewer |    159 |    159 |      0 |     88 |      0 |   1 |  159.0 |
               +--------+--------+--------+--------+--------+-----+--------+

Top non-repeatable levels by time:
     D:2: 1064 daAuts
     D:1: 734 daAuts
     D:3: 355 daAuts
   Sewer: 159 daAuts
